 Dungeon Crawl Stone Soup version 0.30-a0-528-g8c47a4955b (webtiles) character file.

Game seed: 12096026180806134633

3770 experimilk the Destroyer (level 9, -3/63 HPs)
             Began as a Green Draconian Conjurer on Dec 23, 2022.
             Was a Believer of Vehumet.
             Slain by a two-headed ogre
             ... wielding a +0 giant spiked club
              (26 damage)
             ... on level 7 of the Dungeon.
             The game lasted 00:25:35 (10523 turns).

experimilk the Destroyer (DrCj)                    Turns: 10523, Time: 00:25:36

Health: -3/63      AC: 10    Str:  9    XL:     9   Next: 94%
Magic:  2/19       EV: 12    Int: 23    God:    Vehumet [**....]
Gold:   280        SH:  0    Dex: 10    Spells: 3/20 levels left

rFire   . . .      SeeInvis .    m - +2 hand axe (elec)
rCold   . . .      Faith    .    (no shield)
rNeg    . . .      Spirit   .    (body armour unavailable)
rPois   +          Reflect  .    h - +2 hat
rElec   .          Harm     .    i - +0 cloak
rCorr   .          Rampage  .    (no gloves)
Will    .....                    (no boots)
Stlth   ++                       (no amulet)
HPRegen 0.30/turn                (no ring)
MPRegen 0.16/turn                (no ring)

@: short of breath
A: breathe noxious fumes, AC +7, unfitting armour, poison resistance,
cold-blooded, antennae 1, high MP 1
a: Breathe Noxious Fumes, Renounce Religion


You were on level 7 of the Dungeon.
You worshipped Vehumet.
Vehumet was pleased with you.
You visited 2 branches of the dungeon, and saw 9 of its levels.
You also visited: Ossuary.

You collected 280 gold pieces.

Inventory:

Hand Weapons
 b - a +0 short sword
 m - a +2 hand axe of electrocution (weapon)
Missiles
 s - 2 throwing nets
Armour
 h - a +2 hat (worn)
 i - a +0 cloak (worn)
Jewellery
 u - a ring of see invisible
Wands
 o - a wand of roots (21)
 v - a wand of mindburst (5)
Scrolls
 a - a scroll of enchant weapon
 c - 2 scrolls of magic mapping
 e - a scroll of immolation
 j - 4 scrolls of fear
 l - a scroll of amnesia
 q - a scroll of poison {unknown}
 r - 2 scrolls of teleportation
 t - 3 scrolls of enchant armour {unknown}
 w - a scroll of vulnerability {unknown}
Potions
 d - a potion of degeneration
 f - 2 potions of curing
 g - 2 potions of brilliance
 k - a potion of resistance
 n - a potion of lignification
 p - a potion of invisibility {unknown}


   Skills:
 - Level 0.3 Fighting
 - Level 6.0 Axes
 - Level 1.7 Dodging
 - Level 1.7 Stealth
 + Level 6.0 Spellcasting
 + Level 12.0 Conjurations
 * Level 0.0 Poison Magic


You had 3 spell levels left.
You knew the following spells:

 Your Spells              Type           Power      Damage    Failure   Level
a - Spider Form           Tmut/Pois      6%         N/A       26%         3
c - Dazzling Flash        Conj/Hex       68%        N/A       2%          3
d - Magic Dart            Conj           100%       1d8       1%          1
p - Shock                 Conj/Air       100%       1d9       1%          1
s - Ignite Poison         Fire/Tmut/Pois 6%         N/A       26%         3
x - Iskenderun's Mystic   Conj/Tloc      34%        2d8       7%          4
z - Searing Ray           Conj           100%       2d8       1%          2

Your spell library contained the following spells:

 Spells                   Type           Power      Damage    Failure   Level
 Ensorcelled Hibernation  Hex/Ice        12%        N/A       13%         2
 Fulminant Prism          Conj/Hex       17%        3d11      7%          4
 Anguish                  Hex/Necr       3%         N/A       63%         4


Dungeon Overview and Level Annotations

Branches:
Dungeon (8/15)             Temple (1/1) D:4         Ossuary (visited)
   Lair: D:8-11

Altars:
Ashenzari
Cheibriados
Dithmenos
Fedhas
Hepliaklqana
Kikubaaqudgha
Makhleb
Okawaru
Ru
Sif Muna
Trog
Uskayaw
Vehumet
Wu Jian
Xom
Yredelemnul
Zin
The Shining One

Shops:
D:7 (


Innate Abilities, Weirdness & Mutations

You can breathe blasts of noxious fumes.
Your lurid green scales are hard. (AC +7)
You cannot fit into any form of body armour.
Your system is resistant to poisons. (rPois)
You are cold-blooded and may be slowed by cold attacks.
You have a pair of small antennae on your head.
You have an increased reservoir of magic. (+10% MP)


Message History

Aim: a two-headed ogre, wielding two +0 giant spiked clubs (heavily wounded, 92% to hit)
The searing ray hits the two-headed ogre!
The two-headed ogre is heavily wounded. (Press . to maintain the ray.)
The searing ray hits the two-headed ogre.
The two-headed ogre is heavily wounded.
The two-headed ogre hits you with a +0 giant spiked club!! x2
Casting: Searing Ray (safe; 1% risk of failure)
Confirm with . or Enter, or press ? or * to list all spells.
You erupt in a blast of force!
The mystic blast hits the two-headed ogre.
The two-headed ogre is severely wounded.
The two-headed ogre is knocked back by the mystic blast.
Casting: Iskenderun's Mystic Blast (dangerous; 7% risk of failure)
Confirm with . or Enter, or press ? or * to list all spells.
Aiming: Searing Ray (safe; 1% risk of failure)
Press: ? - help, Shift-Dir - straight line, f/p - two-headed ogre
Aim: a two-headed ogre, wielding two +0 giant spiked clubs (severely wounded, 92% to hit)
The searing ray hits the two-headed ogre.
The two-headed ogre is severely wounded. (Press . to maintain the ray.)
Casting: Searing Ray (safe; 1% risk of failure)
Confirm with . or Enter, or press ? or * to list all spells.
You erupt in a blast of force!
The mystic blast hits the two-headed ogre!
The two-headed ogre is almost dead.
The two-headed ogre is knocked back by the mystic blast.
Casting: Iskenderun's Mystic Blast (dangerous; 7% risk of failure)
Confirm with . or Enter, or press ? or * to list all spells.
You don't have enough magic to cast this spell.
Casting: Iskenderun's Mystic Blast (dangerous; 7% risk of failure)
Confirm with . or Enter, or press ? or * to list all spells.
Aiming: Searing Ray (safe; 1% risk of failure)
Press: ? - help, Shift-Dir - straight line, f/p - two-headed ogre
Aim: a two-headed ogre, wielding two +0 giant spiked clubs (almost dead, 92% to hit)
The searing ray hits the two-headed ogre.
The two-headed ogre is almost dead. (Press . to maintain the ray.)
The two-headed ogre hits you with a +0 giant spiked club!!
You die...

#......#
##...........####
#.###.##
#.######.#..# #.
#.# #.# #.#..# .
..#####.## #.#..#
..........#
#.#..#
.#######...#
#.#..#
...........####
.####..O......#
.......@.........
.####.........##.
####........
#...###### #...#
#####


You could see a two-headed ogre.

Vanquished Creatures
  A deep elf pyromancer (D:7)
  Grinder (D:3)
  A slime creature (D:7)
  Prince Ribbit (D:5)
  2 water moccasins
  Duvessa (D:5)
  A black bear (D:7)
  2 ogres
  An orc warrior (D:7)
  A sky beast (D:7)
  A centaur (D:7)
  2 phantoms
  2 bullfrogs
  5 scorpions
  6 necrophages
  A wight (D:7)
  Dowan (D:5)
  2 howler monkeys
  A crimson imp (D:4)
  A centaur zombie (Ossuary)
  A human zombie (Ossuary)
  3 hounds
  2 orc priests
  4 jellies
  A gnoll bouda (D:7)
  3 iguanas
  Terence (D:3)
  2 orc wizards (D:7)
  2 mummies (Ossuary)
  Robin (D:2)
  10 adders
  4 gnolls
  2 white imps
  3 ufetubi
  2 adder zombies (Ossuary)
  16 orcs
  2 endoplasms (D:4)
  4 giant cockroaches
  18 goblins
  14 hobgoblins
  3 jackals (D:1)
  3 quokkas
  7 ball pythons
  7 bats
  3 frilled lizards
  11 hobgoblin zombies (Ossuary)
  A jackal zombie (Ossuary)
  11 kobolds
  5 kobold zombies (Ossuary)
  11 orc zombies (Ossuary)
  3 rats
  5 rat zombies (Ossuary)
199 creatures vanquished.

Vanquished Creatures (others)
  4 fungi (D:6)
  3 plants (D:6)
7 creatures vanquished.

Grand Total: 206 creatures vanquished

Notes
Turn   | Place    | Note
-------+----------+-------------------------------------------
     0 | D:1      | experimilk the Draconian Conjurer began the quest for the
                  | Orb.
     0 | D:1      | Reached XP level 1. HP: 14/14 MP: 3/3
   266 | D:1      | Reached XP level 2. HP: 20/20 MP: 1/5
   347 | D:1      | Learned a level 2 spell: Searing Ray
  1010 | D:2      | Reached XP level 3. HP: 26/26 MP: 2/6
  2057 | D:2      | Reached skill level 5 in Conjurations
  2626 | D:3      | Reached XP level 4. HP: 33/33 MP: 2/8
  2926 | D:3      | Noticed Grinder
  3159 | D:3      | Found a faded altar of an unknown god.
  3225 | D:3      | Found a shadowy altar of Dithmenos.
  3227 | D:3      | Noticed Terence
  3229 | D:3      | Found an ornate altar of the Wu Jian Council.
  3229 | D:3      | Found a sacrificial altar of Ru.
  3234 | D:3      | Killed Terence
  3402 | D:3      | Noticed Robin
  3628 | D:2      | Killed Robin
  3881 | D:3      | Reached XP level 5. HP: 38/38 MP: 6/9
  3896 | D:3      | Reached skill level 6 in Conjurations
  4131 | D:3      | Learned a level 3 spell: Dazzling Flash
  4428 | D:3      | Paralysed by Grinder for 5 turns
  4433 | D:3      | Killed Grinder
  4434 | D:3      | Reached skill level 7 in Conjurations
  4434 | D:3      | Reached XP level 6. HP: 23/45 MP: 2/10
  5183 | D:4      | Found a staircase to the Ecumenical Temple.
  5208 | D:4      | Reached skill level 8 in Conjurations
  5292 | Temple   | Entered the Ecumenical Temple
  5331 | Temple   | Became a worshipper of Vehumet
  5372 | D:4      | Your scales start taking on a lurid green colour.
  5372 | D:4      | Reached XP level 7. HP: 50/50 MP: 5/11
  5372 | D:4      | Gained mutation: Your system is resistant to poisons.
                  | (rPois) [Green Draconian growth]
  6023 | D:5      | Entered Level 5 of the Dungeon
  6050 | D:5      | Gained mutation: You have a pair of small antennae on your
                  | head. [potion of mutation]
  6050 | D:5      | Gained mutation: You have an increased reservoir of magic.
                  | (+10% MP) [potion of mutation]
  6057 | D:5      | Reached skill level 9 in Conjurations
  6072 | D:5      | Reached skill level 1 in Axes
  6347 | D:5      | Found a sand-covered staircase.
  6355 | D:5      | Reached XP level 8. HP: 58/58 MP: 11/14
  6356 | D:5      | Noticed Prince Ribbit
  6358 | Ossuary  | Entered an ossuary
  6455 | Ossuary  | Reached * piety under Vehumet
  6455 | Ossuary  | Offered knowledge of Shock by Vehumet.
  6564 | Ossuary  | Learned a level 1 spell: Shock
  6994 | Ossuary  | Learned a level 4 spell: Iskenderun's Mystic Blast
  7441 | D:5      | Killed Prince Ribbit
  7654 | D:5      | Noticed Dowan
  7756 | D:5      | Noticed Duvessa
  7778 | D:5      | Killed Duvessa
  7778 | D:5      | Reached ** piety under Vehumet
  7800 | D:5      | Killed Dowan
  7856 | D:5      | Offered knowledge of Static Discharge by Vehumet.
  7857 | D:5      | Reached skill level 5 in Axes
  8468 | D:6      | Reached XP level 9. HP: 63/63 MP: 8/17
  8537 | D:6      | You fall into a shaft and drop 1 floor!
  8583 | D:7      | Reached skill level 5 in Spellcasting
  8583 | D:7      | Reached skill level 10 in Conjurations
  8680 | D:7      | Noticed a deep elf pyromancer
  8816 | D:6      | Found a glowing silver altar of Zin.
  9598 | D:6      | Learned a level 3 spell: Spider Form
  9880 | D:7      | Found Jomo Maz's Antique Weapon Emporium.
  9914 | D:7      | Found a bloodstained altar of Trog.
  9928 | D:7      | Killed a deep elf pyromancer
  9929 | D:7      | Reached skill level 11 in Conjurations
 10034 | D:7      | Offered knowledge of Ignite Poison by Vehumet.
 10375 | D:7      | Learned a level 3 spell: Ignite Poison
 10458 | D:7      | Reached skill level 12 in Conjurations
 10511 | D:7      | Noticed a two-headed ogre
 10523 | D:7      | Slain by a two-headed ogre

Illustrated notes

Levels and vault maps discovered:
D:1:      zelgadis_glass_arrival_small, layout_loops_ring
D:2:      layout_basic
D:3:      layout_rooms, chequers_temple_overflow_statue_of_worship,
          hellmonk_ecumenical_altar_zigzags, grunt_ministairs_14,
          kennysheep_boxes, uniq_terence, uniq_robin, uniq_grinder
D:4:      layout_gridville, minmay_temple_entry_mini_moons,
          kennysheep_pointless_box, chequers_serial_rivers_marsh,
          kennysheep_another_room, minivault_1, hangedman_decor_opposing,
          minmay_fire_ice_demons
D:5:      layout_cave_pools, nicolae_ossuary_entry_monument, uniq_duvessa,
          uniq_prince_ribbit1
D:6:      old_forge, layout_gridville, zin_academy
D:7:      cheibrodos_fzero, layout_loops_ring, mainiacjoe_overflow_tiny_flanked,
          serial_shops, nicolae_shop_overgrown_old_shop
D:8:      layout_rooms, grunt_gozag_statues
Temple:   compressed_dpeg_circular_temple

Skill      XL: |  1  2  3  4  5  6  7  8  9 |
---------------+----------------------------+-----
Conjurations   | 5 7 8 9 12 | 12.0
Spellcasting   | 3 4 6 |  6.0
Axes           | 2 5 6 |  6.0
Fighting       | |  0.3
Dodging        | |  1.7
Stealth        | |  1.7

Action                   |  1- 3 |  4- 6 |  7- 9 || total
-------------------------+-------+-------+-------++-------
Melee: Short sword       |     3 |       |       ||     3
       Hand axe          |       |    16 |   116 ||   132
       Tailslap          |       |     2 |    13 ||    15
       Punch             |       |       |     2 ||     2
 Cast: Magic Dart        |    59 |    43 |    34 ||   136
       Searing Ray       |     9 |    23 |    34 ||    66
       Dazzling Flash    |       |       |     5 ||     5
       Shock             |       |       |   166 ||   166
       Iskenderun's Myst |       |       |    13 ||    13
 Abil: Breathe Noxious F |       |       |     5 ||     5
Evoke: Wand              |       |     1 |     1 ||     2
  Use: Scroll            |     2 |       |    12 ||    14
       Potion            |       |       |    14 ||    14
Armor: Skin              |     4 |    15 |   105 ||   124
Dodge: Dodged            |     6 |    21 |   122 ||   149

Table legend: (Time is in decaauts)
 A = Elapsed time spent in this place.
 B = Non-inter-level travel time spent in this place.
 C = Inter-level travel time spent in this place.
 D = Time resting spent in this place.
 E = Time spent auto-exploring this place.
 F = Levels seen in this place.
 G = Mean time per level.
                   A        B        C        D        E       F      G
               +--------+--------+--------+--------+--------+-----+--------+
         Total |  10545 |  10258 |    287 |   2952 |   6121 |  10 | 1054.5 |
       Dungeon |   9425 |   9173 |    252 |   2600 |   5579 |   8 | 1178.1 |
        Temple |     75 |     40 |     35 |      0 |     23 |   1 |   75.0 |
       Ossuary |   1044 |   1044 |      0 |    352 |    519 |   1 | 1044.0 |
               +--------+--------+--------+--------+--------+-----+--------+

Top non-repeatable levels by time:
     D:2: 1927 daAuts
     D:1: 1507 daAuts
     D:4: 1397 daAuts
     D:6: 1322 daAuts
     D:5: 1208 daAuts
     D:3: 1181 daAuts
 Ossuary: 1044 daAuts
     D:7: 879 daAuts
  Temple: 75 daAuts
     D:8: 1 daAuts
